 Dungeon Crawl Stone Soup version 0.30.1-9-gdf580d7c3d (webtiles) character file.

Game seed: 12113410294775279753

16 croobank the Conjurer (level 2, 0/17 HPs)
             Began as a Demonspawn Conjurer on Sept 25, 2023.
             Was a Follower of Hepliaklqana.
             Succumbed to an adder's poison
             ... on level 2 of the Dungeon.
             The game lasted 00:02:56 (856 turns).

croobank the Conjurer (Demonspawn Conjurer)          Turns: 856, Time: 00:02:57

Health: 0/17       AC:  2    Str:  4 (7)  XL:     2   Next: 37%
Magic:  5/5        EV: 12    Int: 18 (19) God:    Hepliaklqana [*.....]
Gold:   49         SH:  0    Dex:  9 (11) Spells: 4/5 levels left

rFire   . . .        d - +0 dagger
rCold   . . .        (no shield)
rNeg    . . .        a - +0 robe
rPois   .            (no helmet)
rElec   .            (no cloak)
rCorr   .            (no gloves)
SInv    .            (no boots)
Will    .....        h - amulet of the acrobat
Stlth   ++           (no ring)
HPRegen 0.22/turn    (no ring)
MPRegen 0.09/turn

%: acrobat
@: mighty, lethally poisoned (0 -> -2), hasted, very quick
A: reduced essence, powered by pain 1
a: Renounce Religion, Recall Ancestor, Ancestor Identity


You were on level 2 of the Dungeon.
You worshipped Hepliaklqana.
Hepliaklqana was aware of your devotion.
You visited 1 branch of the dungeon, and saw 2 of its levels.

You collected 49 gold pieces.

Inventory:

Hand Weapons
 d - a +0 dagger (weapon)
Armour
 a - a +0 robe (worn)
Jewellery
 h - an amulet of the acrobat (around neck)
Potions
 b - a potion of magic
 e - a potion of degeneration


   Skills:
 + Level 0.2 Fighting
 + Level 2.0 Dodging
 + Level 2.0 Stealth
 + Level 2.2 Spellcasting
 + Level 4.1 Conjurations
 + Level 0.2 Invocations


You had 4 spell levels left.
You knew the following spells:

 Your Spells              Type           Power      Damage    Failure   Level
a - Magic Dart            Conj           68%        1d6       3%          1

Your spell library contained the following spells:

 Spells                   Type           Power      Damage    Failure   Level
 Searing Ray              Conj           34%        2d5       4%          2
 Dazzling Flash           Conj/Hex       18%        N/A       22%         3
 Fulminant Prism          Conj/Hex       4%         3d5       58%         4
 Iskenderun's Mystic Bla  Conj/Tloc      9%         2d4       58%         4


Dungeon Overview and Level Annotations

Branches:
Dungeon (2/15)

Altars:
Hepliaklqana


Innate Abilities, Weirdness & Mutations

Your life essence is reduced to manifest your ancestor. (-10% HP)
You sometimes gain a little power by taking damage.


Message History

The endoplasm is almost dead.
The endoplasm freezes you.
You are frozen.
Thabo hits the endoplasm.
The endoplasm dies!
HP restored.
Found 5 stones.
h - an amulet of the acrobat You start putting on your amulet.
You continue putting on your amulet of the acrobat. x5
You finish putting on your amulet of the acrobat.
You feel ready to tumble and roll out of harm's way.
h - an amulet of the acrobat (around neck)
An adder comes into view.
The adder hisses angrily.
You hit the adder but do no damage. The adder bites you. x2
You are poisoned.
The adder poisons you!
You barely miss the adder.
You feel sick. The adder bites you.
You are lethally poisoned!
The adder poisons you!
Thabo barely misses the adder.
You feel sick.
The adder bites Thabo.
Thabo hits the adder.
* * * LOW HITPOINT WARNING * * *
You feel sick.
The adder barely misses Thabo.
Thabo misses the adder.
The adder bites Thabo.
It was a potion of might.
You feel very mighty all of a sudden.
* * * LOW HITPOINT WARNING * * *
You feel sick.
The adder barely misses Thabo.
Thabo misses the adder.
It was a potion of degeneration.
There was something very wrong with that liquid.
You feel weakened.
You feel dopey.
You feel clumsy.
* * * LOW HITPOINT WARNING * * *
You feel sick.
The adder bites Thabo.
Thabo barely misses the adder.
It was a potion of haste.
You feel yourself speed up.
* * * LOW HITPOINT WARNING * * *
You feel sick.
The adder bites Thabo.
Thabo closely misses the adder.
As you read the scroll labelled OCZEOSK NOPUNO, it crumbles to dust.
It is a scroll of identify.
You don't currently have any unidentified items.
You die...

#.........###
#......#.....
#..........(#
######......#
############......#
..................
##.#####.####+####
#......#.#
#@.#.###.#
#..#.....#
#R.#######
#.S.......
##.##.##.# #.# ..
#.# ## #.# #.#


You could see the friendly Thabo the ancestor and an adder (ally target).

Vanquished Creatures
  A goblin (D:1)
  2 hobgoblins (D:1)
  A quokka (D:1)
  4 ball pythons (D:1)
  3 bats (D:1)
  A rat (D:1)
12 creatures vanquished.

Vanquished Creatures (collateral kills)
  An endoplasm (D:2)
  A hobgoblin (D:1)
  A frilled lizard (D:1)
3 creatures vanquished.

Vanquished Creatures (others)
  An ancestor (D:1)
1 creature vanquished.

Grand Total: 16 creatures vanquished

Notes
Turn   | Place    | Note
-------+----------+-------------------------------------------
     0 | D:1      | croobank the Demonspawn Conjurer began the quest for the
                  | Orb.
     0 | D:1      | Reached XP level 1. HP: 13/13 MP: 3/3
   294 | D:1      | Gained mutation: You sometimes gain a little power by
                  | taking damage. [demonic ancestry]
   294 | D:1      | Reached XP level 2. HP: 15/19 MP: 3/5
   327 | D:1      | Found a faded altar of an unknown god.
   360 | D:1      | Prayed at the altar of an unknown god.
   360 | D:1      | Became a worshipper of Hepliaklqana the Forgotten
   360 | D:1      | Reached * piety under Hepliaklqana
   856 | D:2      | Succumbed to an adder's poison

Illustrated notes

Levels and vault maps discovered:
D:1:      dpeg_arrival_renting, layout_loops_ring,
          nicolae_ecumenical_snake_handling, reono_crystal_passage
D:2:      layout_basic, uniq_jessica

Skill      XL: |  1  2 |
---------------+-------+-----
Stealth        | 2 |  2.0
Dodging        | 2 |  2.0
Fighting       | |  0.2
Spellcasting   | |  2.2
Conjurations   | |  4.1
Invocations    | |  0.2

Action                     || total
---------------------------++-------
  Melee: Dagger            ||    28
   Cast: Magic Dart        ||    12
    Use: Potion            ||     3
         Scroll            ||     1
   Stab: Sleeping          ||     3
 Armour: Robe              ||     3
  Dodge: Dodged            ||    10
